 Dungeon Crawl Stone Soup version 0.31-a0-931-g7b59d4eb97 (webtiles) character file.

Game seed: 17480796026252219000

413 CowFu the Trooper (level 6, 0/68 HPs)
             Began as an Ogre Berserker on Oct 19, 2023.
             Was a Believer of Trog.
             Slain by Eustachio
             ... wielding a +0 falchion
              (6 damage)
             ... on level 4 of the Dungeon.
             The game lasted 00:03:29 (3177 turns).

CowFu the Trooper (Ogre Berserker)                  Turns: 3177, Time: 00:03:29

Health: 0/68       AC:  4    Str: 24    XL:     6   Next: 90%
Magic:  6/6        EV: 10    Int:  8    God:    Trog [**....]
Gold:   242        SH:  5    Dex:  8    Spells: 5/5 levels left

rFire   + . .        a - +0 mace
rCold   + . .        (no shield)
rNeg    . . .        l - +1 robe {rC+ rF+}
rPois   +            (helmet restricted)
rElec   .            (no cloak)
rCorr   .            (gloves unavailable)
SInv    .            (boots unavailable)
Will    ++...        u - amulet of reflection
Stlth   +            e - ring of poison resistance
HPRegen 1.31/turn    (no ring)
MPRegen 0.10/turn

%: reflection
@: strong-willed, on berserk cooldown, regenerating, slowed, very slow
A: large, unfitting armour, tough skin 1
a: Renounce Religion, Berserk, Trog's Hand


You were on level 4 of the Dungeon.
You worshipped Trog.
Trog was pleased with you.
You visited 1 branch of the dungeon, and saw 4 of its levels.

You collected 242 gold pieces.

Inventory:

Hand Weapons
 a - a +0 mace (weapon)
 m - a +0 scythe
Armour
 l - a +1 robe of resistance (worn)
Jewellery
 e - a ring of poison resistance (left hand)
 u - an amulet of reflection (around neck)
Wands
 j - a wand of iceblast (6)
 r - a wand of flame (1)
Scrolls
 d - 4 scrolls of teleportation {unknown}
 f - 2 scrolls of identify {unknown}
 i - 2 scrolls of enchant armour {unknown}
 n - a scroll of fog {unknown}
 p - a scroll of brand weapon {unknown}
 q - a scroll of immolation
 s - a scroll of blinking {unknown}
 t - a scroll of vulnerability {unknown}
 v - a scroll of acquirement {unknown}
Potions
 b - a potion of mutation {unknown}
 c - a potion of haste {unknown}
 g - a potion of curing {unknown}
 h - 2 potions of enlightenment {unknown}
 k - 2 potions of heal wounds {unknown}
 o - a potion of brilliance {unknown}


   Skills:
 + Level 6.6 Fighting
 + Level 4.5 Maces & Flails
 + Level 4.4 Dodging


You had 5 spell levels left.
You didn't know any spells.
Your spell library was empty.

Dungeon Overview and Level Annotations

Branches:
Dungeon (4/15)
 Temple: D:4-7

Altars:
Makhleb
Vehumet

Annotations:
D:4 Eustachio


Innate Abilities, Weirdness & Mutations

You are too large for most types of armour.
You have tough skin. (AC +1)


Message History

You barely miss Eustachio.
Eustachio is heavily wounded.
The quokka bites you but does no damage.
The ufetubus hits you but does no damage.
The ufetubus barely misses you. The rat barely misses you.
The white imp hits you. The white imp freezes you. You resist.
You block Eustachio's attack. The rat completely misses you.
The ufetubus hits you. x2; The quokka barely misses you.
The rat bites you but does no damage. The white imp closely misses you.
You thump Eustachio!
Eustachio is severely wounded.
You block the ufetubus's attack. x2; The quokka bites you.
Eustachio hits you with a +0 falchion!
* * * LOW HITPOINT WARNING * * *
You block the rat's attack. The rat misses you. The ufetubus hits you.
* * * LOW HITPOINT WARNING * * *
The ufetubus closely misses you.
The white imp shouts, "Leave, thou odious sow-suckled frater!"
The white imp closely misses you. The quokka misses you.
You block the rat's attack. Eustachio hits you but does no damage.
The rat closely misses you. The ufetubus hits you.
* * * LOW HITPOINT WARNING * * *
The ufetubus closely misses you. The white imp hits you.
* * * LOW HITPOINT WARNING * * *
The white imp freezes you. You resist.
* * * LOW HITPOINT WARNING * * *
You barely miss Eustachio.
Eustachio is severely wounded.
The white imp disappears in a puff of smoke!
The ufetubus hits you but does no damage.
You block the ufetubus's attack.
The quokka bites you but does no damage.
The rat bites you but does no damage. Eustachio misses you.
The rat bites you but does no damage. The ufetubus hits you.
* * * LOW HITPOINT WARNING * * *
The ufetubus closely misses you.
The quokka bites you but does no damage.
Eustachio hits you with a +0 falchion.
You die...
Eustachio says, "Such is the fate of all honourless rascals."

## .# .# .# # ##.#
#. # ##. .#.######
###.# ...
.......>##....# #..
........rrr# #.####
##......#@§# #.##..
........#@5# #†##.#
####.##.#b.# #.##.#
###.##.#..#
#.##.####...##.#??#
...............#..#
#.##.#.†########..#
#.##.#.#...... ...#
#.##.).#.#####


You could see Eustachio, an ufetubus (summoned), a quokka (summoned), a bat
(summoned) and 2 rats.

Vanquished Creatures
  Sigmund (D:2)
  A bullfrog (D:4)
  A crimson imp (D:3)
  An orc priest (D:3)
  6 adders
  A white imp (D:3)
  A worm (D:4)
  3 dart slugs
  4 orcs
  4 ball pythons
  5 bats
  5 endoplasms
  5 giant cockroaches
  2 goblins
  6 hobgoblins
  2 jackals (D:4)
  3 quokkas
  4 frilled lizards
  5 kobolds
  8 rats
68 creatures vanquished.

Notes
Turn   | Place    | Note
-------+----------+-------------------------------------------
     0 | D:1      | CowFu the Ogre Berserker began the quest for the Orb.
     0 | D:1      | Reached XP level 1. HP: 24/24 MP: 1/1
   110 | D:1      | Reached XP level 2. HP: 32/32 MP: 2/2
   381 | D:1      | Reached XP level 3. HP: 40/40 MP: 3/3
   734 | D:2      | Reached ** piety under Trog
   970 | D:2      | Noticed Sigmund
   976 | D:2      | Killed Sigmund
   977 | D:2      | Reached skill level 5 in Fighting
   977 | D:2      | Reached XP level 4. HP: 52/52 MP: 4/4
   977 | D:2      | Reached XP level 5. HP: 59/59 MP: 5/5
  1742 | D:3      | Reached skill level 6 in Fighting
  1742 | D:3      | Reached XP level 6. HP: 51/67 MP: 6/6
  2026 | D:3      | Found a faded altar of an unknown god.
  2529 | D:3      | Found a radiant altar of Vehumet.
  2530 | D:3      | Found a burning altar of Makhleb.
  3150 | D:4      | Noticed Eustachio
  3177 | D:4      | Slain by Eustachio

Illustrated notes

Levels and vault maps discovered:
D:1:      dpeg_arrival_short_road, layout_loops_ring,
          minmay_misc_feat_nine_boxes
D:2:      layout_basic, uniq_sigmund
D:3:      layout_loops_ring, grunt_temple_overflow_lords_of_destruction,
          hellmonk_ecumenical_altar_blasted
D:4:      layout_basic, hangedman_decor_points, uniq_eustachio, uniq_duvessa

Skill      XL: |  1  2  3  4  5 |
---------------+----------------+-----
Maces & Flails | 3 4 |  4.5
Dodging        | 3 4 |  4.4
Fighting       | 5 6 |  6.6

Action                     |  1- 3 |  4- 6 || total
---------------------------+-------+-------++-------
  Melee: Mace              |    70 |   220 ||   290
         Punch             |     1 |     4 ||     5
 Invoke: Berserk           |     1 |     2 ||     3
         Trog's Hand       |       |     1 ||     1
 Armour: Animal skin       |    45 |       ||    45
         Robe              |       |   210 ||   210
  Dodge: Dodged            |    36 |   172 ||   208
  Block: Other             |       |    27 ||    27

Table legend: (Time is in decaauts)
 A = Elapsed time spent in this place.
 B = Non-inter-level travel time spent in this place.
 C = Inter-level travel time spent in this place.
 D = Time resting spent in this place.
 E = Time spent auto-exploring this place.
 F = Levels seen in this place.
 G = Mean time per level.
                   A        B        C        D        E       F      G
               +--------+--------+--------+--------+--------+-----+--------+
         Total |   3257 |   3209 |     48 |      0 |   2570 |   4 |  814.2 |
       Dungeon |   3257 |   3209 |     48 |      0 |   2570 |   4 |  814.2 |
               +--------+--------+--------+--------+--------+-----+--------+

Top non-repeatable levels by time:
     D:3: 1033 daAuts
     D:2: 1002 daAuts
     D:1: 677 daAuts
     D:4: 543 daAuts
